Map: Acid Plant LE

Players

Lillekanin

  • Race: Terran Terran
  • Spawn Location: 5:00

PtitDrogo - Winner!

  • Race: Protoss Protoss
  • Spawn Location: 11:00

Event: WCS Valencia 2018

VOD

Have the link to the VOD?

Description

Time

  • Played on: July 12, 2018, 10:19 a.m.
  • Length: 8:56

All games in this series

Show
View Real Time Build Order
Export as new Build Order

Lillekanin Terran 

Build Orders: Gas First Reaper Expand, Reaper Expand, Mech 

Get SALT Encoding   

  12  0:00  SCV  
  13  0:12  SCV  
  14  0:18  Supply Depot  
  14  0:25  SCV  
  15  0:30  Refinery  
  15  0:39  SCV  
  16  0:44  Barracks  
  16  0:51  SCV  
  17  1:03  SCV  
  18  1:15  SCV  
  19  1:32  Reaper, Orbital Command  
  20  1:47  Command Center  
  20  1:58  SCV  
  21  2:03  Factory  
  21  2:07  Barracks Reactor  
  21  2:12  SCV  
  22  2:16  Refinery  
  22  2:20  Supply Depot  
  22  2:27  SCV  
  23  2:42  SCV  
  24  2:50  Starport  
  24  2:54  Hellion x2  
  24  2:55  SCV  
  29  3:01  Orbital Command  
  29  3:15  Hellion x2  
  29  3:18  SCV  
  33  3:22  Barracks Tech Lab  
  32  3:29  Starport  
  32  3:30  SCV  
  32  3:31  SCV  
  32  3:32  Bunker  
  34  3:42  SCV, Concussive Shells, Marauder  
  34  3:48  Cyclone  
  40  3:55  Cyclone  
  42  4:02  SCV  
  42  4:04  Marauder  
  42  4:07  SCV  
  43  4:10  Engineering Bay  
  43  4:12  Starport Tech Lab  
  43  4:15  SCV  
  44  4:19  SCV  
  44  4:20  Bunker  
  45  4:25  Supply Depot  
  45  4:27  SCV  
  46  4:33  Raven  
  46  4:34  SCV  
  49  4:40  SCV  
  48  4:46  SCV  
  48  4:50  Command Center  
  49  4:55  Marauder  
  49  4:56  SCV  
  49  4:59  SCV  
  53  5:08  Factory, SCV  
  53  5:12  SCV  
  52  5:20  SCV  
  53  5:22  Cyclone  
  53  5:27  SCV  
  57  5:29  Refinery  
  57  5:30  Refinery  
  57  5:31  Supply Depot  
  57  5:32  SCV  
  58  5:36  Cyclone  
  58  5:39  SCV  
  60  5:52  SCV  
  58  6:00  SCV  
  59  6:04  SCV  
  52  6:12  SCV  
  52  6:13  Cyclone x2  
  52  6:16  SCV  
  60  6:18  Orbital Command  
  60  6:24  SCV  
  61  6:29  SCV  
  60  6:38  Siege Tank  
  60  6:40  SCV  
  60  6:42  Banshee  
  64  6:47  Supply Depot  
  64  6:50  Cloaking Field  
  64  6:52  SCV  
  65  6:56  Missile Turret  
  65  7:00  Missile Turret  
  64  7:02  SCV x2  
  64  7:05  Missile Turret  
  64  7:06  Hellion x2, Missile Turret  
  70  7:12  Siege Tank  
  73  7:18  Factory  
  73  7:21  Armory  
  73  7:25  Barracks Tech Lab  
  73  7:27  Hellion x2  
  77  7:30  Banshee  
  77  7:31  Orbital Command  
  80  7:40  Missile Turret  
  80  7:44  Hellion, Missile Turret  
  80  7:48  Hellion  
  84  7:55  Armory  
  84  7:56  Refinery  
  84  7:58  SCV, Missile Turret  
  85  8:00  Refinery  
  85  8:05  Cyclone  
  85  8:07  SCV  
  89  8:14  SCV x2  
  89  8:15  Supply Depot x2  
  89  8:17  Sensor Tower  
  89  8:19  SCV  
  92  8:22  Supply Depot  
  92  8:23  Supply Depot  
  92  8:24  Command Center  
  92  8:32  SCV  
  93  8:36  SCV x2  
  103  8:47  Missile Turret  
Show
View Real Time Build Order
Export as new Build Order

PtitDrogo Protoss - Winner!

Build Orders: 1 Gate Expand, Blink Stalkers 

Get SALT Encoding   

  12  0:00  Probe  
  13  0:12  Probe  
  14  0:17  Pylon  
  14  0:24  Probe  
  15  0:32  Probe  
  15  0:38  Gateway  
  15  0:40  Probe  
  16  0:46  Assimilator  
  17  0:51  Probe  
  18  1:03  Probe  
  19  1:15  Probe  
  20  1:23  Nexus  
  20  1:33  Cybernetics Core  
  20  1:35  Probe  
  21  1:40  Assimilator  
  21  1:47  Probe  
  21  1:51  Pylon  
  22  1:59  Stalker, Probe  
  23  2:10  Warp Gate  
  23  2:11  Probe  
  26  2:23  Probe  
  26  2:28  Twilight Council  
  27  2:31  Probe  
  27  2:32  Stalker, Probe  
  31  2:39  Probe  
  31  2:40  Probe  
  32  2:49  Probe  
  32  2:50  Probe  
  35  3:01  Blink, Probe  
  35  3:02  Probe  
  35  3:03  Stalker  
  39  3:25  Gateway  
  39  3:27  Gateway  
  39  3:29  Gateway  
  39  3:35  Stalker  
  39  3:38  Probe x2  
  42  3:43  Robotics Facility  
  42  3:50  Probe x2  
  44  4:02  Probe  
  45  4:04  Probe  
  46  4:15  Pylon  
  46  4:18  Pylon  
  46  4:31  Observer  
  46  4:33  Nexus  
  46  4:35  Stalker x3  
  46  4:36  Stalker  
  55  4:39  Probe x2  
  57  4:51  Probe x2  
  59  4:54  Pylon  
  59  4:55  Assimilator  
  59  5:00  Charge  
  59  5:02  Forge  
  59  5:03  Forge, Probe x2  
  61  5:15  Probe  
  61  5:16  Probe  
  61  5:17  Protoss Ground Weapons Level 1  
  61  5:20  Protoss Ground Armor Level 1  
  63  5:22  Stalker x3  
  63  5:27  Probe  
  70  5:29  Pylon  
  70  5:44  Probe x2  
  71  5:56  Probe x2  
  73  6:01  Probe  
  73  6:02  Immortal  
  74  6:08  Probe  
  71  6:11  Probe  
  71  6:13  Probe  
  71  6:16  Gateway  
  71  6:17  Gateway x2  
  73  6:19  Gateway x2  
  73  6:20  Pylon  
  73  6:21  Sentry, Probe  
  73  6:22  Sentry  
  73  6:23  Probe  
  73  6:25  Probe  
  78  6:33  Warp Prism, Probe  
  78  6:35  Probe  
  78  6:37  Probe  
  79  6:41  Pylon, Assimilator  
  79  6:42  Assimilator  
  79  6:45  Probe  
  82  6:48  Zealot x4  
  82  6:52  Pylon  
  90  7:00  Pylon  
  90  7:02  Probe  
  90  7:06  Pylon  
  91  7:09  Pylon  
  91  7:10  Immortal, Pylon  
  91  7:12  Zealot x4  
  103  7:37  Photon Cannon  
  103  7:38  Photon Cannon, Pylon  
  103  7:40  Photon Cannon  
  103  7:44  Nexus  
  103  7:48  Templar Archives  
  107  7:51  Immortal  
  107  7:53  Probe  
  108  8:12  Zealot x9  
  126  8:19  Probe  
  127  8:33  High Templar x2  
  127  8:34  High Templar x2  
  135  8:35  Zealot x5  
  135  8:38  Archon x2  
  135  8:39  Probe x3  
  148  8:42  Pylon  
Tags
 
Add a new tag
Caveats
  • Supply blocks, unpowered buildings, or Contaminate may cause inaccurate times.
  • Supply counts are checked every 10 seconds.